 Dungeon Crawl Stone Soup version 0.31.0-32-g396128a36d (webtiles) character file.

Game seed: 14594032127158367043

276 601d51SH the Chopper (level 6, 0/55 HPs)
             Began as a Hill Orc Fighter on Mar 31, 2024.
             Slain by a gnoll
             ... wielding a +0 spear
             ... led by a gnoll bouda
              (4 damage)
             ... on level 4 of the Dungeon.
             The game lasted 00:06:22 (2801 turns).

601d51SH the Chopper (Hill Orc Fighter)             Turns: 2801, Time: 00:06:22

Health: 0/55       AC:  8    Str: 27    XL:     6   Next: 25%
Magic:  6/6        EV: 10    Int: 14    God:
Gold:   169        SH:  4    Dex: 10    Spells: 3/5 levels left

rFire   . . .        a - +0 war axe
rCold   . . .        c - +0 buckler
rNeg    . . .        b - +0 scale mail
rPois   .            (no helmet)
rElec   .            (no cloak)
rCorr   .            t - +0 pair of gloves
SInv    .            (no boots)
Will    .....        (no amulet) Stlth
                     k - +6 ring of intelligence
HPRegen 0.29/turn    q - +6 ring of strength
MPRegen 0.10/turn

%: no passive effects
@: no status effects
A: no striking features
a: no special abilities


You were on level 4 of the Dungeon.
You visited 1 branch of the dungeon, and saw 4 of its levels.

You collected 169 gold pieces.

Inventory:

Hand Weapons
 a - a +0 war axe (weapon)
 l - a +0 vampiric dagger
Missiles
 w - 4 poisoned darts (quivered)
Armour
 b - a +0 scale mail (worn)
 c - a +0 buckler (worn)
 t - a +0 pair of gloves (worn)
 A - an orb of light
Jewellery
 k - a +6 ring of intelligence (left hand)
 q - a +6 ring of strength (right hand)
 r - a ring of protection from fire
Scrolls
 f - 3 scrolls of vulnerability {unknown}
 g - 2 scrolls of enchant weapon {unknown}
 h - a scroll of poison {unknown}
 m - 3 scrolls of fear {unknown}
 n - 6 scrolls of identify {unknown}
 p - a scroll of blinking {unknown}
 u - a scroll of revelation {unknown}
 v - a scroll of acquirement {unknown}
 x - a scroll of summoning {unknown}
 y - a scroll of enchant armour {unknown}
Potions
 d - 2 potions of might
 e - 2 potions of curing {unknown}
 i - 2 potions of invisibility {unknown}
 j - 2 potions of heal wounds {unknown}
 o - a potion of brilliance {unknown}
 s - 2 potions of degeneration {unknown}
 z - 2 potions of magic {unknown}


   Skills:
 + Level 4.8 Fighting
 + Level 5.3 Axes
 + Level 4.1 Armour
 * Level 1.7 Dodging
 + Level 1.0 Stealth
 + Level 3.7 Shields
 * Level 0.6 Hexes


You had 3 spell levels left.
You knew the following spells:

 Your Spells              Type           Power      Damage    Failure   Level
a - Ensorcelled Hibernat  Hex/Ice        0%         N/A       69%         2

Your spell library contained the following spells:

 Spells                   Type           Power      Damage    Failure   Level
 Dazzling Flash           Conj/Hex       0%         N/A       89%         3
 Fugue of the Fallen      Necr           0%         N/A       91%         3
 Volatile Blastmotes      Fire/Tloc      0%         2d10      91%         3
 Anguish                  Hex/Necr       0%         N/A       100%        4
 Starburst                Conj/Fire      0%         6d3       100%        6
 Maxwell's Capacitive Co  Air            0%         ∞         100%        8


Dungeon Overview and Level Annotations

Branches:
Dungeon (4/15)
 Temple: D:4-7

Altars:
Fedhas
Gozag

Shops:
D:4 :


Message History

You completely miss the gnoll. The gnoll hits you with a +0 spear.
The gnoll hits you from afar with a +0 halberd!
* * * LOW HITPOINT WARNING * * *
The gnoll closely misses you. x2
You completely miss the gnoll.
Your attacks no longer feel as feeble.
The gnoll hits you from afar with a +0 halberd.
* * * LOW HITPOINT WARNING * * *
The gnoll hits you with a +0 spear.
* * * LOW HITPOINT WARNING * * *
You hit the gnoll but do no damage. The gnoll barely misses you.
You block the gnoll's attack.
Unknown command.
The gnoll barely misses you. The gnoll attacks as it pursues you!
You block the gnoll's attack.
The gnoll hits you from afar with a +0 spear.
* * * LOW HITPOINT WARNING * * *
A gnoll comes into view. It is wielding a +0 whip.
The gnoll attacks as it pursues you! The gnoll hits you but does no damage.
The gnoll is no longer moving quickly.
The gnoll is no longer moving quickly.
The gnoll attacks as it pursues you! The gnoll closely misses you.
A scorpion comes into view.
The gnoll attacks as it pursues you!
The gnoll hits you from afar with a +0 spear.
* * * LOW HITPOINT WARNING * * *
You hit the scorpion but do no damage. The scorpion stings you.
* * * LOW HITPOINT WARNING * * *
The gnoll hits you but does no damage.
The scorpion stings you but does no damage.
You slash the scorpion!
The scorpion is heavily wounded.
The scorpion stings you but does no damage.
The gnoll hits you but does no damage.
You slash the scorpion!
You kill the scorpion!
The gnoll hits you from afar with a +0 spear.
* * * LOW HITPOINT WARNING * * *
The gnoll hits you from afar with a +0 spear.
You die...

##### #.# #######.##
#.....∩..########
#.####...........
##.########. #.# #.#
.#.#####.###########.#
......†@.ggS....).g..#
#..##.#####)########.#
# #.# #.# # #.# # #.#
# ... # ### #


You could see 2 gnolls and an adder.

Vanquished Creatures
  A scorpion (D:4)
  A howler monkey (D:4)
  A jelly (D:4)
  A gnoll bouda (D:4)
  An iguana (D:2)
  An orc wizard (D:3)
  A gnoll (D:4)
  3 adders
  A ribbon worm (D:2)
  A dart slug (D:1)
  10 orcs
  6 ball pythons
  4 bats
  4 endoplasms
  3 giant cockroaches
  7 goblins
  11 hobgoblins
  2 quokkas
  5 frilled lizards
  8 kobolds
  7 rats
79 creatures vanquished.

Notes
Turn   | Place    | Note
-------+----------+-------------------------------------------
     0 | D:1      | 601d51SH the Hill Orc Fighter began the quest for the Orb.
     0 | D:1      | Reached XP level 1. HP: 19/19 MP: 1/1
   192 | D:1      | Reached XP level 2. HP: 24/27 MP: 2/2
   329 | D:1      | Reached skill level 3 in Axes
   415 | D:1      | Reached XP level 3. HP: 19/33 MP: 3/3
   956 | D:2      | Reached skill level 1 in Dodging
   956 | D:2      | Reached XP level 4. HP: 19/40 MP: 4/4
  1487 | D:2      | Reached skill level 4 in Axes
  1746 | D:3      | Reached XP level 5. HP: 43/46 MP: 5/5
  1963 | D:3      | Found an opulent altar of Gozag.
  1963 | D:3      | Found a blossoming altar of Fedhas.
  2461 | D:4      | Learned a level 2 spell: Ensorcelled Hibernation
  2621 | D:4      | Reached skill level 5 in Axes
  2690 | D:4      | Reached XP level 6. HP: 55/55 MP: 6/6
  2753 | D:4      | Found Fonus's Book Boutique.
  2786 | D:4      | Reached skill level 1 in Stealth
  2801 | D:4      | Slain by a gnoll

Illustrated notes

Levels and vault maps discovered:
D:1:      minmay_arrival_checkered_box, layout_basic, minmay_box_of_dots
D:2:      layout_loops_ring
D:3:      layout_basic, gammafunk_temple_overflow_pools
D:4:      layout_loops_ring, serial_shops, shop, shop

Skill      XL: |  1  2  3  4  5  6 |
---------------+-------------------+-----
Axes           | 3 4 5 |  5.3
Fighting       | 4 |  4.8
Dodging        | 1 |  1.7
Armour         | 4 |  4.1
Stealth        | 1 |  1.0
Shields        | |  3.7
Hexes          | |  0.6

Action                     |  1- 3 |  4- 6 || total
---------------------------+-------+-------++-------
  Melee: War axe           |    92 |   142 ||   234
   Cast: Ensorcelled Hiber |       |     1 ||     1
 Armour: Scale mail        |    72 |    95 ||   167
  Dodge: Dodged            |    62 |    77 ||   139
  Block: Buckler           |    23 |    28 ||    51
